 Dungeon Crawl Stone Soup version 0.31.0 (webtiles) character file.

Game seed: 783295094243764668

162 gelatine the Magician (level 5, 0/37 HPs)
             Began as a Demonspawn Hedge Wizard on Jan 20, 2024.
             Slain by Eustachio
             ... wielding a +3 falchion of holy wrath
              (9 damage)
             ... on level 3 of the Dungeon.
             The game lasted 00:07:59 (3798 turns).

gelatine the Magician (Demonspawn Hedge Wizard)     Turns: 3798, Time: 00:07:59

Health: 0/37       AC: 10    Str: 11    XL:     5   Next: 19%
Magic:  9/11       EV: 12    Int: 16    God:
Gold:   100        SH:  4    Dex: 18    Spells: 11/12 levels left

rFire   . . .        r - +2 dagger (pain)
rCold   + . .        (no shield)
rNeg    . . .        b - +0 robe
rPois   .            s - +0 helmet
rElec   .            (no cloak)
rCorr   .            l - +1 pair of gloves
SInv    .            o - +0 pair of boots
Will    .....        (no amulet)
Stlth   ++           g - +6 ring of dexterity
HPRegen 1.06/turn    (no ring)
MPRegen 0.12/turn

%: no passive effects
@: about to teleport
A: icemail 1, condensation shield, talons 1, cold resistance 1, regeneration 1,
no potion heal 1
a: no special abilities


You were on level 3 of the Dungeon.
You visited 1 branch of the dungeon, and saw 4 of its levels.

You collected 100 gold pieces.

Inventory:

Hand Weapons
 a - a +0 dagger
 f - a +0 short sword
 m - a +0 dagger of venom
 r - a +2 dagger of pain (weapon)
Armour
 b - a +0 robe (worn)
 c - a +0 hat
 l - a +1 pair of gloves (worn)
 o - a +0 pair of boots (worn)
 q - the +0 ring mail "Rahuzu" {Harm rF+}
   (You found it on level 3 of the Dungeon)

   rF+:       It protects you from fire.
   Harm:      It increases damage dealt and taken.
 s - a +0 helmet (worn)
Magical Staves
 v - a staff of fire
Jewellery
 g - a +6 ring of dexterity (left hand)
Wands
 w - a wand of roots (6)
Potions
 d - a potion of magic
 e - 2 potions of curing
 i - a potion of enlightenment {unknown}
 j - a potion of berserk rage {unknown}
 k - a potion of attraction {unknown}
 u - a potion of mutation


   Skills:
 + Level 1.3 Fighting
 + Level 1.5 Short Blades
 + Level 2.2 Dodging
 + Level 1.9 Stealth
 + Level 0.1 Shields
 + Level 4.1 Spellcasting
 * Level 2.5 Conjurations
 + Level 1.0 Summonings
 + Level 0.8 Translocations


You had 11 spell levels left.
You knew the following spells:

 Your Spells              Type           Power      Damage    Failure   Level
a - Magic Dart            Conj           44%        1d5       6%          1

Your spell library contained the following spells:

 Spells                   Type           Power      Damage    Failure   Level
 Slow                     Hex            12%        N/A       17%         1
 Call Imp                 Summ           12%        N/A       17%         2
 Blink                    Tloc           12%        N/A       19%         2
 Cigotuvi's Dreadful Rot  Necr/Alch/Air  6%         N/A       26%         2
 Mephitic Cloud           Conj/Alch/Air  5%         N/A       34%         3


Dungeon Overview and Level Annotations

Branches:
Dungeon (4/15)
 Temple: D:4-7

Altars:
Wu Jian

Shops:
D:1 [

Annotations:
D:3 Eustachio


Innate Abilities, Weirdness & Mutations

A meltable icy envelope protects you from harm. (AC +4)
A meltable shield of frost defends you. (SH +4)
You have sharp toenails.
Your flesh is cold resistant. (rC+)
Your natural rate of healing is unusually fast.
Potions are less effective at restoring your health.


Message History

You hit Eustachio.
Eustachio is moderately wounded.
Eustachio hits you with a +3 falchion of holy wrath.
You convulse.
The white imp hits you but does no damage.
The ufetubus closely misses you. x2
You closely miss Eustachio.
Eustachio is moderately wounded.
Eustachio hits you with a +3 falchion of holy wrath.
* * * LOW HITPOINT WARNING * * *
You convulse.
* * * LOW HITPOINT WARNING * * *
The ufetubus slips past you! You block the ufetubus's attack.
The ufetubus barely misses you. You block the white imp's attack.
The white imp barely misses you.
The ufetubus hits you but does no damage.
The ufetubus misses you. Eustachio hits you but does no damage.
You climb upwards.
The ufetubus disappears in a puff of smoke!
The white imp disappears in a puff of smoke! x2
There is a stone staircase leading down here.
You miss Eustachio.
Eustachio is moderately wounded.
Eustachio misses you.
Unknown command.
It was a potion of mutation.
You feel extremely strange.
Your system partially rejects the healing effects of potions.
Your toenails lengthen and sharpen.
You feel resistant to cold.
You begin to heal more quickly.
Eustachio closely misses you.
You barely miss Eustachio.
Eustachio is moderately wounded.
Eustachio barely misses you.
As you read the scroll of teleportation, it crumbles to dust.
You feel strangely unstable. Eustachio closely misses you.
You hit Eustachio.
Eustachio is moderately wounded.
Eustachio hits you with a +3 falchion of holy wrath!
You die...
Eustachio twirls his moustache.

####)#.###
#.......
#........#
#.......
#........#
##(....#
#...)....#
##...##
#........#
###.#
#........#
###
#........#
#@.......#
#.@......#
#†.......#
##########


You could see Eustachio.

Vanquished Creatures
  An iguana (D:3)
  4 adders
  3 gnolls (D:2)
  A dart slug (D:2)
  A ribbon worm (D:2)
  3 orcs (D:3)
  6 endoplasms
  3 giant cockroaches
  8 hobgoblins
  6 kobolds
  3 quokkas
  2 ball pythons (D:3)
  6 bats
  2 frilled lizards (D:2)
  9 goblins
  A rat (D:1)
59 creatures vanquished.

Notes
Turn   | Place    | Note
-------+----------+-------------------------------------------
     0 | D:1      | gelatine the Demonspawn Hedge Wizard began the quest for
                  | the Orb.
     0 | D:1      | Reached XP level 1. HP: 13/13 MP: 4/4
   497 | D:1      | Gained mutation: A meltable shield of frost defends you.
                  | (SH +4) [demonic ancestry]
   497 | D:1      | Reached XP level 2. HP: 19/19 MP: 1/6
   792 | D:1      | Found Zepsu's Armour Boutique.
  1606 | D:2      | Gained mutation: A meltable icy envelope protects you from
                  | harm. (AC +4) [demonic ancestry]
  1606 | D:2      | Reached XP level 3. HP: 25/25 MP: 4/8
  1710 | D:2      | Reached skill level 1 in Fighting
  2204 | D:2      | Reached XP level 4. HP: 31/32 MP: 4/9
  2715 | D:3      | Reached skill level 1 in Short Blades
  2720 | D:3      | Identified the +0 ring mail "Rahuzu" {Harm rF+}
  3349 | D:4      | Reached skill level 4 in Spellcasting
  3438 | D:4      | Found an ornate altar of the Wu Jian Council.
  3609 | D:4      | Noticed Eustachio
  3732 | D:3      | Reached XP level 5. HP: 35/37 MP: 4/11
  3795 | D:3      | Gained mutation: Potions are less effective at restoring
                  | your health. [potion of mutation]
  3795 | D:3      | Gained mutation: You have sharp toenails. [potion of
                  | mutation]
  3795 | D:3      | Gained mutation: Your flesh is cold resistant. (rC+)
                  | [potion of mutation]
  3795 | D:3      | Gained mutation: Your natural rate of healing is unusually
                  | fast. [potion of mutation]
  3798 | D:3      | Slain by Eustachio

Illustrated notes

Levels and vault maps discovered:
D:1:      scummos_arrival_gate, layout_basic, serial_shops,
          nicolae_shop_just_a_little_nook, serial_bayou, serial_bayou_pond_e,
          serial_bayou_pond_d, serial_bayou_lake_a, serial_bayou_shore_b
D:2:      kennysheep_the_goblin_king, layout_loops_ring
D:3:      layout_rooms, minmay_misc_feat_five
D:4:      layout_basic, nzn_wu_jian_council_hall, enter_ossuary_3, uniq_sigmund,
          uniq_grinder, uniq_eustachio

Skill      XL: |  1  2  3  4 |
---------------+-------------+-----
Dodging        | 2 |  2.2
Fighting       | 1 |  1.3
Conjurations   | 2 |  2.5
Short Blades   | 1 |  1.5
Spellcasting   | 4 |  4.1
Stealth        | |  1.9
Shields        | |  0.1
Summonings     | |  1.0
Translocations | |  0.8

Action                     |  1- 3 |  4- 6 || total
---------------------------+-------+-------++-------
  Melee: Short sword       |    14 |       ||    14
         Dagger            |    28 |    63 ||    91
         Punch             |       |     1 ||     1
   Cast: Magic Dart        |    84 |    72 ||   156
    Use: Scroll            |       |     7 ||     7
         Potion            |       |     2 ||     2
 Armour: Robe              |    22 |    50 ||    72
  Dodge: Dodged            |    23 |    59 ||    82
  Block: Other             |     7 |    14 ||    21
